 Dungeon Crawl Stone Soup version 0.27-a0-1290-g15d3ce7508 (webtiles) character file.

Game seed: 11028070898283817067

321826 Froggeryz the Eclecticist (level 22, -1/159 HPs)
             Began as a Djinni Ice Elementalist on June 14, 2021.
             Was an Initiate of Gozag.
             Collided with a rock wall (13 damage)
             ... caused by a wretched star
             ... on level 2 of the Abyss on June 15, 2021.
             The game lasted 02:29:22 (82752 turns).

Froggeryz the Eclecticist (DjIE)                   Turns: 82752, Time: 02:29:23

Health: -1/159     AC:  7    Str:  8    XL:     22   Next: 49%
Gold:   4287       EV: 26    Int: 24    God:    Gozag SH: 18 Dex: 21

rFire    + + +     SeeInvis .   E - staff of conjuration
rCold    + + .     Faith    .   r - +0 kite shield
rNeg     . . .     Spirit   .   y - +2 robe {rC+}
rPois    ∞         Reflect  +   o - +0 helmet
rElec    .         Harm     .   Z - scarf {rC+ rF+}
rCorr    .         Rampage  .   v - +1 pair of gloves
Will     ++...                  (boots unavailable)
Stlth    ++........             p - amulet of the Ancients {Reflect Str+3 Dex+4 SH+5}
HPRegen  0.36/turn              P - ring of protection from cold
MPRegen  0.00/turn              i - ring of wizardry

@: unable to read, gold aura, flying, hasted, very quick
A: sickness immunity, fire resistance 2, cold vulnerability 1, float, innate
caster, hp casting, extra vitality 1, weak 1, inability to read while threatened
}: 2/15 runes: serpentine, barnacled
a: Renounce Religion, Potion Petition, Call Merchant, Bribe Branch


You were on level 2 of the Abyss.
You worshipped Gozag.
Gozag was most pleased with you.
You visited 7 branches of the dungeon, and saw 35 of its levels.
You visited the Abyss 2 times.
You also visited: Bailey.

You collected 16271 gold pieces.
You spent 5314 gold pieces at shops.
You paid 6670 gold pieces to Gozag.

Inventory:

Hand Weapons
 c - the +7 lajatang of Order {silver, rMut}
   (You acquired it on level 2 of the Orcish Mines)

   It protects you from mutation.
Missiles
 h - 5 curare-tipped darts
 J - 9 boomerangs of dispersal
Armour
 o - a +0 helmet (worn)
 r - a +0 kite shield (worn)
 u - the +2 robe of Soehuam {rC+ Dex+2}
   (You found it on level 4 of the Shoals)

   It affects your dexterity (+2).
   It protects you from cold.
 v - a +1 pair of gloves (worn)
 y - a +2 robe of cold resistance (worn)
 Z - a scarf of resistance (worn)
Magical Staves
 t - a staff of earth
 E - a staff of conjuration (weapon)
 M - a staff of fire
Jewellery
 i - a ring of wizardry (right hand)
 p - the amulet of the Ancients (around neck) {Reflect Str+3 Dex+4 SH+5}
   (You bought it in a shop on level 2 of the Vaults)

   [amulet of reflection]

   It reflects blocked missile attacks.
   It affects your strength (+3).
   It affects your dexterity (+4).
   It affects your SH (+5).
 P - a ring of protection from cold (left hand)
 X - a ring of protection from cold
Wands
 e - a wand of iceblast (27)
 w - a wand of digging (6)
 C - a wand of acid (33)
 K - a wand of flame (67)
 S - a wand of charming (11)
 W - a wand of mindburst (24)
Scrolls
 a - 5 scrolls of teleportation
 f - 2 scrolls of brand weapon
 j - 4 scrolls of magic mapping
 l - 4 scrolls of blinking
 m - 4 scrolls of enchant weapon
 x - 3 scrolls of holy word
 z - 6 scrolls of fog
 A - 2 scrolls of fear
 B - 4 scrolls of immolation
 L - 5 scrolls of enchant armour
 N - 8 scrolls of identify
 Q - a scroll of silence
 Y - a scroll of summoning
Potions
 b - 12 potions of curing
 d - 12 potions of haste
 g - 7 potions of brilliance
 k - a potion of ambrosia
 n - 8 potions of mutation
 q - a potion of heal wounds
 s - 2 potions of berserk rage
 D - 4 potions of might
 G - a potion of invisibility
 O - 3 potions of attraction
 V - 3 potions of cancellation


   Skills:
 + Level 14.6 Fighting
 + Level 9.4 Staves
 - Level 18.1 Dodging
 - Level 1.5 Stealth
 - Level 15.0 Shields
 * Level 18.2 Spellcasting
 - Level 7.0 Evocations


You couldn't memorise any spells.
You knew the following spells:

 Your Spells              Type           Power      Damage    Failure   Level
a - Freeze                Ice            100%       1d11      0%          1
b - Frozen Ramparts       Ice            100%       1d12      0%          3
c - Ozocubu's Armour      Ice            83%        N/A       0%          3
d - Hailstorm             Conj/Ice       100%       3d20      0%          4
e - Metabolic Englaciati  Hex/Ice        41%        N/A       1%          5
f - Sting                 Tmut/Pois      100%       1d8       0%          1
g - Searing Ray           Conj           100%       3d7       0%          2
h - Blink                 Tloc           N/A        N/A       0%          2
i - Airstrike             Air            41%        N/A       0%          4
j - Sticky Flame          Conj/Fire      100%       2d11      0%          4
k - Manifold Assault      Tloc           83%        N/A       1%          5
l - Starburst             Conj/Fire      52%        8x6d14    1%          6
m - Statue Form           Tmut/Erth      55%        N/A       1%          6
n - Summon Hydra          Summ           41%        N/A       1%          7
o - Storm Form            Tmut/Air       41%        N/A       1%          7
Your spell library was empty.

Dungeon Overview and Level Annotations

Branches:
Dungeon (14/15)            Temple (1/1) D:7            Lair (6/6) D:9
 Shoals (4/4) Lair:3        Snake (4/4) Lair:2        Slime (0/5) Lair:6
    Orc (2/2) D:11            Elf (0/3) Orc:2        Vaults (4/5) D:14
  Crypt (0/3) Vaults:2     Bailey (visited)

Altars:
Ashenzari
Cheibriados
Dithmenos
Elyvilon
Fedhas
Gozag
Hepliaklqana
Kikubaaqudgha
Makhleb
Nemelex Xobeh
Okawaru
Qazlal
Ru
Sif Muna
Trog
Uskayaw
Vehumet
Wu Jian
Xom
Yredelemnul
Zin
The Shining One
Jiyva

Shops:
Orc:2 *:(*   Shoals:2 (   Shoals:4 *?   Snake:2 [:=(:   Snake:3 [*
Vaults:1 =[[   Vaults:2 !=   Vaults:3 [!   Vaults:4 ?


Innate Abilities, Weirdness & Mutations

You are immune to sickness and miasma.
You are immune to poison.
Your flesh is very heat resistant. (rF++)
You are vulnerable to cold. (rC-)
You float through the air rather than walking.
You learn spells naturally, not from books.
Your magical power is your life essence.
You have superior vitality. (+4 HP)
You are weak. (Str -2)
You sometimes lose the ability to read scrolls when taking damage.


Message History

Press: ? - help, Dir - look around, f - activate You feel a surge of power!
The bolt of fire hits the wretched star!!
The wretched star resists.
The wretched star is heavily damaged.
The wretched star glows turbulently.
The lance of force hits you!!
You feel threatened and lose the ability to read scrolls!
* * * LOW HITPOINT WARNING * * *
You are knocked back by the lance of force.
You slam into the rock wall!
* * * LOW HITPOINT WARNING * * *
Casting: Starburst (mildly dangerous; 1% risk of failure)
Confirm with . or Enter, or press ? or * to list all spells.
Casting: Starburst (mildly dangerous; 1% risk of failure)
Press: ? - help, Dir - look around, f - activate You feel a surge of power!
The bolt of fire hits the wretched star!!
The wretched star resists.
The wretched star is almost destroyed.
* * * LOW HITPOINT WARNING * * *
The wretched star glows turbulently.
The lance of force hits you!
* * * LOW HITPOINT WARNING * * *
You are knocked back by the lance of force.
You slam into the rock wall!
* * * LOW HITPOINT WARNING * * *
Okay, then. [a] - 648 gold - resistance, might and haste [b] - 330 gold - heal wounds and haste [c] - 322 gold - haste and brilliance Purchase which effect?
You feel much better.
You feel yourself speed up.
The wretched star glows turbulently.
The lance of force hits you!!
* * * LOW HITPOINT WARNING * * *
You are knocked back by the lance of force.
You slam into the rock wall!
You die...
Your body crumbles into a pile of gold.

. #... .. .. .
# #... .# . .
.. . .. .
...$.*. # ...
.. .. # # ##.
# . #.##..#
#######.##...#
# #@$.*.....
#. ...
########## ..
### . . #...
#..#.###.# .
#.. .. # #
####


You could see a wretched star.

Vanquished Creatures
  Sojobo (Vaults:3)
  Jorgrun (D:13)
  Rupert (Snake:1)
  2 liches (Abyss:3)
  A quicksilver dragon (Vaults:3)
  2 krakens
  Polyphemus (Shoals:2)
  3 tentacled starspawn (Abyss:3)
  Gastronok (Lair:2)
  2 tengu reavers (Vaults:3)
  4 sphinxes (Vaults:4)
  Agnes (Snake:1)
  3 nagarajas (Snake:4)
  A frost giant (Vaults:4)
  Louise (Shoals:2)
  3 orc warlords
  A ghost moth (Abyss:3)
  6 vault wardens
  A cacodemon (Abyss:3)
  A reaper (Abyss:3)
  The ghost of PigKeeper the Nimble, a journeyman TeAE of Lugonu (Snake:2)
  A stone giant (Vaults:4)
  11 ironbound preservers
  A deep elf demonologist (Vaults:4)
  A lorocyproca (Abyss:2)
  2 entropy weavers (Vaults:4)
  Snorg (Orc:2)
  3 merfolk impalers
  A deep elf high priest (Vaults:2)
  Josephine (D:13)
  A fire dragon (Lair:6)
  8 yaktaur captains
  A merfolk javelineer (Shoals:4)
  4 boulder beetles
  13 naga warriors
  2 vault guards
  2 ironbound thunderhulks (Vaults:1)
  An ice dragon (shapeshifter) (Vaults:4)
  A great orb of eyes (Vaults:2)
  6 hydras
  5 salamander tyrants
  An alligator snapping turtle (Shoals:4)
  16 anacondas
  4 peacekeepers
  12 centaur warriors
  3 catoblepae
  8 ironbound frosthearts
  2 satyrs
  5 merfolk aquamancers
  2 death knights (Vaults:2)
  2 two-headed ogres
  A merfolk avatar (Shoals:2)
  A hell hog (Abyss:3)
  7 death yaks
  3 ironbound beastmasters
  3 shock serpents
  12 naga sharpshooters
  5 large abominations
  4 thrashing horrors
  Urug (D:11)
  2 orc high priests (Orc:2)
  Nergalle (D:10)
  A soul eater (Abyss:2)
  A shadow wraith (Vaults:2)
  8 salamander mystics
  2 wretched stars
  A quicksilver dragon simulacrum (Abyss:2)
  A spatial maelstrom (Abyss:3)
  8 sea snakes
  3 naga ritualists
  30 deep trolls
  5 starcursed masses (Abyss:3)
  23 ironbound convokers
  The ghost of CInkIbrahim the Spear-Bearer, a novice OpGl of Gozag (D:7)
  A swamp dragon (Lair:6)
  5 lindwurms
  A necromancer (Vaults:2)
  9 orc knights
  6 harpies
  3 wizards
  13 ugly things
  A deep elf pyromancer (D:13)
  13 mana vipers
  7 orc sorcerers
  8 fauns
  6 oklob plants
  A wolf spider (Lair:6)
  12 manticores
  15 salamanders
  9 vault sentinels
  5 cyclopes
  A worldbinder (Abyss:3)
  3 smoke demons
  11 elephants
  6 merfolk sirens
  3 water nymphs
  25 cane toads
  17 naga magi
  Maggie (Lair:2)
  28 black mambas
  7 guardian serpents
  4 rime drakes
  A kobold demonologist (D:12)
  A hellion (Abyss:3)
  2 unseen horrors
  An efreet (Abyss:2)
  9 komodo dragons
  An orange demon (Abyss:2)
  16 yaktaurs
  5 freezing wraiths
  A tormentor (Abyss:2)
  A hellwing (Abyss:3)
  A polar bear (Lair:6)
  7 trolls
  An ancient zyme (Abyss:3)
  3 wind drakes
  11 merfolk
  Prince Ribbit (D:7)
  15 blink frogs
  Grinder (D:4)
  17 hornets
  13 raiju
  21 slime creatures
  An ettin zombie (Vaults:3)
  7 snapping turtles
  10 dream sheep
  2 ynoxinuls
  Sigmund (D:2)
  A centaur simulacrum (D:14)
  2 redbacks (Vaults:4)
  14 water elementals
  5 wraiths
  43 yaks
  An ice dragon skeleton (Abyss:3)
  A vampire (D:12)
  12 wyverns
  2 tarantellas (Vaults:4)
  7 basilisks
  3 steam dragons (Lair:6)
  Grum (D:11)
  11 humans (D:14)
  3 neqoxecs (Abyss:3)
  7 vampire mosquitoes
  A spatial vortex (Abyss:3)
  Menkaure (D:7)
  13 wargs
  39 nagas
  Duvessa (D:6)
  3 acid dragons
  31 water moccasins
  Purgy (D:4)
  A nameless horror (D:12)
  2 black bears
  An alligator simulacrum (Abyss:3)
  A sky beast (D:7)
  5 small abominations
  2 ice beasts
  41 orc warriors
  5 necrophages
  8 boggarts
  13 ogres
  8 wolves
  A phantom (D:4)
  15 centaurs
  5 kobold brigands
  13 bullfrogs
  A gnoll sergeant (D:6)
  4 scorpions
  Dowan (D:6)
  6 wights
  9 killer bees
  4 electric eels
  3 howler monkeys
  5 centaur zombies
  A jelly (D:8)
  2 centaur skeletons
  2 quasits (Abyss:2)
  15 orc priests
  Crazy Yiuf (D:7)
  6 hounds
  An iron imp (Abyss:2)
  A gnoll shaman (D:7)
  Jessica (D:2)
  6 iguanas
  26 orc wizards
  2 killer bee zombies
  A mummy (D:12)
  A howler monkey zombie (D:9)
  Robin (D:3)
  2 howler monkey skeletons
  19 gnolls
  5 adders
  A shadow imp (D:6)
  6 white imps
  An ufetubus (D:4)
  3 adder skeletons
  5 worms
  2 dart slugs
  58 orcs
  7 bats
  3 endoplasms (D:1)
  4 giant cockroaches
  14 goblins
  15 hobgoblins
  4 jackals (D:2)
  31 kobolds
  A quokka (D:1)
  10 ball pythons
  2 frilled lizards (D:1)
  5 rats (D:1)
  A butterfly (Lair:2)
  6 starspawn tentacles
  5 tentacles
1288 creatures vanquished.

Vanquished Creatures (collateral kills)
  Frederick (Vaults:4)
  Jory (Vaults:4)
  A tentacled starspawn (Abyss:2)
  Roxanne (Snake:1)
  An orc warlord (Vaults:1)
  A vault warden (Vaults:3)
  A starcursed mass (Abyss:3)
  Azrael (D:13)
  A red draconian (Abyss:2)
  2 dire elephants
  A crystal guardian (Vaults:3)
  3 merfolk javelineers (Shoals:4)
  A merfolk impaler (Shoals:4)
  2 great orbs of eyes
  2 ironbound thunderhulks
  An ironbound frostheart (Vaults:1)
  A merfolk avatar (Shoals:4)
  A catoblepas (D:13)
  A death knight (D:14)
  An alligator snapping turtle (Shoals:4)
  A hell hog (Abyss:3)
  A satyr (Shoals:4)
  4 thrashing horrors
  A wretched star (Abyss:3)
  4 ironbound beastmasters
  A slime creature (Vaults:1)
  A spatial maelstrom (Abyss:3)
  3 sea snakes (Shoals:4)
  An ironbound convoker (Vaults:1)
  A harpy (Shoals:4)
  8 lindwurms
  2 cyclopes
  5 manticores (Shoals:4)
  A worldbinder (Abyss:3)
  2 merfolk sirens (Shoals:4)
  A water nymph (Shoals:4)
  A tormentor (Abyss:3)
  2 ancient zymes (Abyss:3)
  A demonic crawler (Abyss:2)
  6 merfolk (Shoals:4)
  5 raiju
  6 large abominations (Abyss:3)
  6 dream sheep (Shoals:4)
  5 snapping turtles (Shoals:4)
  An ettin skeleton (Vaults:3)
  A ynoxinul (Abyss:3)
  A nameless horror (Shoals:4)
  2 small abominations
  2 fire elementals (D:13)
  3 neqoxecs (Abyss:3)
  A naga (Snake:1)
  3 spatial vortices
  2 hell hounds
  2 centaurs (Shoals:4)
  7 earth elementals (D:13)
  2 iron imps
  An orc wizard (D:13)
  A white imp (Abyss:3)
  An ufetubus (Abyss:3)
124 creatures vanquished.

Vanquished Creatures (others)
  A tengu reaver (Vaults:3)
  A naga sharpshooter (Snake:4)
  A salamander mystic (Snake:4)
  A freezing wraith (Abyss:3)
  An ancient zyme (Abyss:3)
  A merfolk (Shoals:1)
  A raiju (Abyss:2)
  4 fire bats (Abyss:3)
  A human (D:14)
  A large abomination (Abyss:3)
  6 small abominations
  3 bushes (Lair:1)
  64 fungi
  A lurking horror (Abyss:3)
  292 plants
  5 starspawn tentacles
  9 tentacles
  6 withered plants (D:12)
399 creatures vanquished.

Grand Total: 1811 creatures vanquished

Notes
Turn   | Place    | Note
-------+----------+-------------------------------------------
     0 | D:1      | Froggeryz the Djinni Ice Elementalist began the quest for
                  | the Orb.
     0 | D:1      | Reached XP level 1. HP: 15/15 MP: 0/0
   354 | D:1      | Reached XP level 2. HP: 14/21 MP: 0/0
  1007 | D:1      | Reached XP level 3. HP: 23/25 MP: 0/0
  1007 | D:1      | Learned a level 1 spell: Sting
  2142 | D:2      | Noticed Jessica
  2147 | D:2      | Killed Jessica
  2148 | D:2      | Reached XP level 4. HP: 23/31 MP: 0/0
  2560 | D:2      | Noticed Sigmund
  2577 | D:2      | Killed Sigmund
  2578 | D:2      | Reached XP level 5. HP: 14/35 MP: 0/0
  2578 | D:2      | Learned a level 2 spell: Searing Ray
  2578 | D:2      | Reached XP level 6. HP: 16/40 MP: 0/0
  3101 | D:3      | Reached skill level 5 in Spellcasting
  3318 | D:3      | Found a faded altar of an unknown god.
  3612 | D:3      | Noticed Robin
  3623 | D:3      | Killed Robin
  4032 | D:4      | Reached XP level 7. HP: 41/45 MP: 0/0
  4032 | D:4      | Learned a level 2 spell: Blink
  4200 | D:4      | Found a burning altar of Makhleb.
  4344 | D:4      | Noticed Grinder
  4356 | D:4      | Reached skill level 5 in Dodging
  4356 | D:4      | Killed Grinder
  4667 | D:4      | Reached XP level 8. HP: 42/50 MP: 0/0
  4882 | D:4      | Noticed Purgy
  4895 | D:4      | Killed Purgy
  4999 | D:4      | Found an ornate altar of the Wu Jian Council.
  5341 | D:5      | Entered Level 5 of the Dungeon
  5741 | D:5      | Reached XP level 9. HP: 34/55 MP: 0/0
  5741 | D:5      | Learned a level 4 spell: Airstrike
  6405 | D:6      | Reached skill level 1 in Fighting
  7295 | D:6      | Noticed Dowan
  7297 | D:6      | Noticed Duvessa
  7301 | D:6      | Killed Dowan
  7302 | D:6      | Killed Duvessa
  8445 | D:7      | Reached XP level 10. HP: 57/67 MP: 0/0
  8540 | D:7      | Found a broken altar of Ashenzari.
  8559 | D:7      | Noticed Prince Ribbit
  8565 | D:7      | Killed Prince Ribbit
  8581 | D:7      | Noticed Menkaure
  8586 | D:7      | Killed Menkaure
  8635 | D:7      | Found a runed translucent gate.
  8635 | D:7      | Found a runed translucent gate.
  8635 | D:7      | Found a runed translucent gate.
  8662 | D:7      | Found an opulent altar of Gozag.
  8662 | D:7      | Noticed CInkIbrahim's ghost (novice OpGl)
  8708 | D:7      | Reached skill level 5 in Fighting
  9004 | D:7      | Found a staircase to the Ecumenical Temple.
  9181 | Temple   | Entered the Ecumenical Temple
  9457 | Temple   | Became a worshipper of Gozag Ym Sagoz the Greedy
  9561 | D:7      | Found a runed translucent door.
  9562 | D:7      | Noticed Crazy Yiuf
  9700 | D:7      | Killed Crazy Yiuf
  9987 | D:8      | Noticed a two-headed ogre
 10074 | D:8      | Killed a two-headed ogre
 10518 | D:8      | Reached skill level 10 in Spellcasting
 10664 | D:8      | Reached skill level 1 in Evocations
 11156 | D:9      | Found a staircase to the Lair.
 11156 | D:9      | Noticed a death yak
 11156 | D:9      | Noticed an elephant
 11905 | D:9      | Reached XP level 11. HP: 71/78 MP: 0/0
 11905 | D:9      | Learned a level 4 spell: Sticky Flame
 12012 | D:9      | Killed an elephant
 12712 | D:9      | Killed a death yak
 12713 | D:9      | Reached skill level 5 in Evocations
 13039 | D:10     | Entered Level 10 of the Dungeon
 13250 | D:10     | Found a shadowy altar of Dithmenos.
 13594 | D:10     | Identified the +5 plate armour of the Hall of Blades {rC+
                  | Str+6 SInv}
 13935 | D:10     | Noticed Nergalle
 13965 | D:10     | Killed Nergalle
 14335 | D:11     | Found a staircase to the Orcish Mines.
 14340 | D:11     | Noticed a six-headed hydra
 14348 | D:11     | Killed a six-headed hydra
 14542 | Lair:1   | Entered Level 1 of the Lair of Beasts
 15091 | Lair:1   | Reached skill level 1 in Staves
 15306 | Lair:1   | Reached XP level 12. HP: 84/90 MP: 0/0
 15578 | Lair:1   | Reached skill level 10 in Fighting
 16518 | Lair:1   | Identified the +5 dagger of the Sneaky Heavens {flame, rF+}
 17060 | Lair:2   | Reached skill level 5 in Staves
 17354 | Lair:2   | Found a staircase to the Snake Pit.
 18186 | Lair:2   | Noticed Gastronok
 18202 | Lair:2   | Killed Gastronok
 18203 | Lair:2   | Reached XP level 13. HP: 51/100 MP: 0/0
 18203 | Lair:2   | Learned a level 5 spell: Manifold Assault
 18466 | Lair:2   | Noticed Maggie
 18484 | Lair:2   | Killed Maggie
 20269 | Lair:3   | Found a staircase to the Shoals.
 22006 | Lair:4   | Noticed a catoblepas
 22016 | Lair:4   | Killed a catoblepas
 22535 | Lair:4   | Identified the +1 leather armour of Foolhardiness {Str+4
                  | Int+2 Dex+2}
 23104 | Lair:5   | Noticed an eight-headed hydra
 23109 | Lair:5   | Noticed a six-headed hydra
 23110 | Lair:5   | Noticed an eight-headed hydra
 23112 | Lair:5   | Killed an eight-headed hydra
 23141 | Lair:5   | Killed an eight-headed hydra
 23142 | Lair:5   | Reached XP level 14. HP: 48/110 MP: 0/0
 23947 | Lair:5   | Found the +2 robe of Vines {NoPotionHeal Regen+++}
 24485 | Lair:6   | Entered Level 6 of the Lair of Beasts
 24485 | Lair:6   | Found a viscous altar of Jiyva.
 24485 | Lair:6   | Found a staircase to the Slime Pits.
 25006 | Lair:6   | Reached skill level 1 in Shields
 26035 | Lair:6   | Reached skill level 5 in Shields
 27617 | Lair:6   | Reached XP level 15. HP: 96/114 MP: 0/0
 27617 | Lair:6   | Learned a level 6 spell: Starburst
 29665 | Orc:1    | Entered Level 1 of the Orcish Mines
 30021 | D:11     | Found a stormy altar of Qazlal.
 30037 | D:11     | Noticed Urug
 30051 | D:11     | Killed Urug
 30290 | D:11     | Reached skill level 10 in Shields
 30516 | D:11     | Noticed Grum
 30526 | D:11     | Killed Grum
 31441 | Orc:2    | Entered Level 2 of the Orcish Mines
 31457 | Orc:2    | Noticed an orc warlord
 31743 | Orc:2    | Noticed Snorg
 31747 | Orc:2    | Killed an orc warlord
 32143 | Orc:2    | Killed Snorg
 32373 | Orc:2    | Found Wupogg's General Store.
 32462 | Orc:2    | Found a staircase to the Elven Halls.
 33044 | Orc:2    | Noticed an orc warlord
 33054 | Orc:2    | Killed an orc warlord
 33558 | Orc:2    | Found Kaexeel's Antique Weapon Emporium.
 33561 | Orc:2    | Paralysed by an orc sorcerer for 7 turns
 34183 | Orc:2    | Found Loebirph's Antique Armour Boutique.
 34228 | Orc:2    | Found Libit's Book Shop.
 34316 | Orc:2    | Found Nukhliaq's General Store.
 34324 | Orc:2    | Bought a scroll of acquirement for 780 gold pieces
 34707 | Orc:2    | Acquired the +7 lajatang of Order {silver, rMut}
 34708 | Orc:2    | Found the +7 lajatang of Order {silver, rMut}
 34766 | Orc:1    | Noticed an orc warlord
 34774 | Orc:1    | Killed an orc warlord
 35219 | Orc:1    | Reached XP level 16. HP: 91/121 MP: 0/0
 36093 | Snake:1  | Entered Level 1 of the Snake Pit
 37088 | Snake:1  | Noticed Agnes
 37095 | Snake:1  | HP: 4/121 [Agnes (26)]
 37098 | Snake:1  | Killed Agnes
 37516 | Snake:1  | Noticed Rupert
 37937 | Snake:1  | Identified Roxanne's Volume of Shape Shifting
 37937 | Snake:1  | Noticed Roxanne
 38994 | Snake:1  | Killed Rupert
 39951 | Snake:2  | Found a runed translucent door.
 39954 | Snake:2  | Noticed PigKeeper's ghost (journeyman TeAE)
 40067 | Snake:2  | Found Pese's Book Shop.
 40157 | Snake:2  | Found Usalelesk's Weapon Boutique.
 40157 | Snake:2  | Found Ejiqifed's Armour Shop.
 40163 | Snake:2  | Found Vorrate's Jewellery Boutique.
 40659 | Snake:2  | Found Tuomme's Book Shop.
 40962 | Snake:2  | Reached skill level 15 in Shields
 42150 | Snake:2  | Upgraded the game from 0.27-a0-1281-ge233d83751 to
                  | 0.27-a0-1290-g15d3ce7508
 42998 | Snake:3  | Reached XP level 17. HP: 72/127 MP: 0/0
 42998 | Snake:3  | Learned a level 6 spell: Statue Form
 43229 | Snake:3  | Bought a scarf of resistance for 608 gold pieces
 44360 | Snake:4  | Entered Level 4 of the Snake Pit
 45263 | Snake:4  | HP: 1/128 [naga sharpshooter/arrow (24)]
 46936 | Snake:4  | Reached XP level 18. HP: 96/135 MP: 0/0
 47897 | Snake:4  | Reached skill level 10 in Dodging
 48088 | Snake:4  | Got a serpentine rune of Zot
 48665 | Snake:3  | Bought a potion of curing for 75 gold pieces
 48882 | Shoals:1 | Entered Level 1 of the Shoals
 49195 | Shoals:1 | Noticed a kraken
 49395 | Shoals:1 | Killed a kraken
 51413 | Shoals:2 | Noticed Louise
 51911 | Shoals:2 | Killed Louise
 52146 | Shoals:2 | Noticed Polyphemus
 52164 | Shoals:2 | Killed Polyphemus
 52540 | Shoals:2 | Found Rounkuohe's Antique Weapon Boutique.
 53616 | Shoals:3 | Reached skill level 15 in Spellcasting
 54125 | Shoals:3 | Noticed a kraken
 54135 | Shoals:3 | Killed a kraken
 54693 | Shoals:4 | Entered Level 4 of the Shoals
 54987 | Shoals:4 | Identified the +7 war axe of Appi Exi {speed, *Corrode
                  | Will+ Dex+3}
 54999 | Shoals:4 | Reached XP level 19. HP: 114/140 MP: 0/0
 54999 | Shoals:4 | Learned a level 7 spell: Summon Hydra
 55138 | Shoals:4 | Identified the +2 robe of Soehuam {rC+ Dex+2}
 55519 | Shoals:4 | Found Kareulaj's Assorted Antiques.
 55520 | Shoals:4 | Found Dacsid Tyib's Magic Scroll Emporium.
 55636 | Shoals:4 | Bought a scroll of teleportation for 33 gold pieces
 55640 | Shoals:4 | Bought a pair of embroidered gloves for 187 gold pieces
 55645 | Shoals:4 | Bought a short glowing staff for 300 gold pieces
 56679 | Shoals:4 | HP: 7/140 [merfolk javelineer/silver javelin (6)]
 57109 | Shoals:4 | Got a barnacled rune of Zot
 59353 | D:7      | Killed CInkIbrahim's ghost
 59738 | Snake:1  | Killed Roxanne
 59866 | Snake:2  | Killed PigKeeper's ghost
 60510 | D:12     | Found a flagged portal.
 60520 | Bailey   | Entered a bailey
 60880 | Bailey   | Identified the +3 leather armour of Syngux {rN+ Will++}
 62596 | D:13     | Noticed Azrael
 63353 | D:13     | Killed Azrael
 63617 | D:13     | Noticed Josephine
 63622 | D:13     | Killed Josephine
 63846 | D:13     | Identified the +10 plate armour of Damp Salvation {Str+3}
 64280 | D:13     | Noticed Jorgrun
 64284 | D:13     | Killed Jorgrun
 65081 | D:14     | Found a blossoming altar of Fedhas.
 65650 | D:14     | Found a gate to the Vaults.
 66022 | D:14     | Identified the +0 leather armour "Anirrabb" {*Slow rN+
                  | Stlth+}
 66437 | D:14     | Identified the +8 quarterstaff of the Toadstool {venom, rN+
                  | rCorr Int-3}
 66494 | Vaults:1 | Entered Level 1 of the Vaults
 66537 | Vaults:1 | Bought a distressingly furry kite shield for 342 gold
                  | pieces
 66537 | Vaults:1 | Identified the +0 kite shield "Unilusch" {+Blink rF- Str+9
                  | Slay-2} (You bought it in a shop on level 1 of the Vaults)
 66721 | Vaults:1 | Reached XP level 20. HP: 66/147 MP: 0/0
 67083 | Vaults:1 | Reached skill level 15 in Dodging
 69828 | Vaults:1 | You are sucked into a shaft and drop 1 floor!
 70361 | Vaults:2 | Found Says's Distillery.
 70369 | Vaults:2 | Bought a potion of curing for 63 gold pieces
 70369 | Vaults:2 | Bought a potion of heal wounds for 105 gold pieces
 70369 | Vaults:2 | Bought 2 potions of mutation for 336 gold pieces
 70369 | Vaults:2 | Bought a potion of brilliance for 84 gold pieces
 70530 | Vaults:2 | Identified the +1 chain mail of Impressiveness {Drain Int+5
                  | Slay+5}
 71518 | Vaults:2 | Found a staircase to the Crypt.
 72162 | Vaults:2 | Bought the amulet of the Ancients {Reflect Str+3 Dex+4
                  | SH+5} for 930 gold pieces
 72458 | Vaults:3 | Noticed Sojobo
 72471 | Vaults:3 | Paralysed by an air elemental for 1 turns
 72763 | Vaults:3 | Found Ylugheok's Antique Armour Shop.
 73184 | Vaults:3 | Found Ojonoiwk's Distillery.
 73469 | Vaults:3 | Reached XP level 21. HP: 140/152 MP: 0/0
 73469 | Vaults:3 | Learned a level 7 spell: Storm Form
 73746 | Vaults:3 | Cast into level 2 of the Abyss (a wizard)
 74140 | Abyss:3  | Noticed a bone dragon
 74142 | Abyss:3  | Noticed a bone dragon
 74689 | Abyss:3  | Gained mutation: You sometimes lose the ability to read
                  | scrolls when taking damage. [a neqoxec]
 74694 | Abyss:3  | Found a corrupted altar of Lugonu.
 74876 | Abyss:3  | Gained mutation: You are weak. (Str -2) [a neqoxec]
 75387 | Vaults:3 | Escaped the Abyss
 75930 | Vaults:3 | Bought a potion of haste for 180 gold pieces
 75930 | Vaults:3 | Bought a potion of heal wounds for 90 gold pieces
 75930 | Vaults:3 | Bought 2 potions of haste for 360 gold pieces
 75930 | Vaults:3 | Bought a potion of curing for 54 gold pieces
 75930 | Vaults:3 | Bought a potion of mutation for 144 gold pieces
 75930 | Vaults:3 | Bought a potion of brilliance for 72 gold pieces
 75930 | Vaults:3 | Bought a potion of brilliance for 72 gold pieces
 75930 | Vaults:3 | Bought a potion of brilliance for 72 gold pieces
 76485 | Vaults:3 | Paralysed by an air elemental for 1 turns
 76489 | Vaults:3 | Paralysed by an air elemental for 1 turns
 76741 | Vaults:3 | Paralysed by an air elemental for 1 turns
 76744 | Vaults:3 | Killed Sojobo
 79020 | Vaults:4 | Reached XP level 22. HP: 100/158 MP: 0/0
 79437 | Vaults:4 | Found Zemoca's Magic Scroll Shop.
 79443 | Vaults:4 | Bought a scroll of teleportation for 39 gold pieces
 79443 | Vaults:4 | Bought a scroll of fog for 26 gold pieces
 79443 | Vaults:4 | Bought a scroll of blinking for 97 gold pieces
 79443 | Vaults:4 | Bought a scroll of teleportation for 39 gold pieces
 79443 | Vaults:4 | Bought a scroll of magic mapping for 45 gold pieces
 79443 | Vaults:4 | Bought a scroll of teleportation for 39 gold pieces
 79443 | Vaults:4 | Bought a scroll of fear for 45 gold pieces
 79443 | Vaults:4 | Bought a scroll of blinking for 97 gold pieces
 79497 | Vaults:4 | Noticed Jory
 79507 | Vaults:4 | Killed Jory
 81136 | Vaults:4 | Noticed Frederick
 81144 | Vaults:4 | Killed Frederick
 81642 | Vaults:3 | Cast into level 2 of the Abyss (a deep elf sorcerer)
 82751 | Abyss:2  | HP: 3/159 [rock wall collision (6)]
 82752 | Abyss:2  | Collided with a rock wall

Illustrated notes

Levels and vault maps discovered:
D:1:      minmay_arrival_doors, layout_basic, minivault_27
D:2:      layout_basic, uniq_jessica, uniq_sigmund
D:3:      kennysheep_six_static_rooms, layout_basic,
          hellmonk_ecumenical_altar_heavens_door, minmay_shallow_snake_nest,
          uniq_robin
D:4:      layout_basic, makhleb_heckhound_becter, nicolae_wu_jian_glorious_leap,
          serial_co_window_serial, co_window_paths_a, co_window_corner_a,
          co_window_of_opportunity_a, co_window_paths_a, co_window_paths_a,
          co_window_corner_b, co_window_corner_b, co_window_corner_ca,
          co_window_2corner, glass_columns_c, glass_columns_a, glass_columns_b,
          minmay_misc_feat_four_crosses, uniq_purgy, uniq_grinder
D:5:      layout_loops_ring, skrybe_limestone_x, chequers_serial_rivers_room_b
D:6:      layout_layer_cave, grunt_ministairs_10, minivault_4, uniq_duvessa
D:7:      layout_rooms, amcnicky_altar_gilded, minmay_temple_entry_glass,
          ebering_ghost_gozag, uniq_prince_ribbit1, uniq_menkaure,
          uniq_crazy_yiuf_cottage
D:8:      layout_basic
D:9:      layout_basic, david_lair_generic
D:10:     layout_cave_pods, nicolae_dithmenos_shadow_blocks, uniq_nergalle
D:11:     layout_rooms, david_orc_3, grunt_qazlal_sundering, uniq_urug,
          uniq_grum
D:12:     layout_long_grid, serial_undead, serial_undead_e, serial_undead_a,
          serial_undead_b, serial_undead_b, enter_bailey_6, hive_lemuel
D:13:     layout_basic, hangedman_cracks_in_the_wall, uniq_josephine,
          uniq_azrael, uniq_jorgrun
D:14:     layout_loops_ring, ximxim_vaults_locker_room, minmay_misc_feat_cross,
          tgw_fedhas
Temple:   hc_temple_tempest_star
Lair:1:   layout_hall_layers, serial_forest, infiniplex_forest_pool,
          infiniplex_forest_end_2, infiniplex_forest_clump_tiny,
          infiniplex_forest_end_2, infiniplex_forest_lined_1,
          infiniplex_forest_clump_large, infiniplex_forest_clump_curved,
          infiniplex_forest_straight_1, infiniplex_forest_end_double,
          columned_hall_lemuel, minmay_lair_oklob_chamber
Lair:2:   layout_gridlike, minmay_snake_entry_guardpost_small,
          lemuel_fruit_fields, uniq_maggie, uniq_gastronok
Lair:3:   layout_roguey, shoals_dummy_entry, chequers_serial_rivers_marsh
Lair:4:   layout_regular_city, st_stairs_11, serial_bayou_lagoon_b,
          infiniplex_staircase_pool
Lair:5:   layout_hall_layers, hellmonk_guarded_unrand_vines
Lair:6:   hangedman_lair_tendril_chambers, layout_layer_cave,
          guppyfry_lair_end_dragon, slime_altar_1
Shoals:1: cheibrodos_shoals_baths, layout_shoals, nicolae_shoals_this_corrosion
Shoals:2: layout_shoals, serial_shops, shop_statue, uniq_louise, uniq_polyphemus
Shoals:3: layout_shoals
Shoals:4: shoals_end_simple, layout_shoals, serial_shops, shop, shop,
          nicolae_shoals_shepherds
Snake:1:  layout_basic, nicolae_snake_yet_another_twisty_hallway, uniq_agnes,
          uniq_roxanne, uniq_rupert
Snake:2:  layout_onion_interference, ebering_ghost_reflecting_pool,
          serial_shops, shop, minmay_shoptagon
Snake:3:  layout_misc_corridors
Snake:4:  snake_pit_salamanders_mu, layout_cave_town
Orc:1:    layout_diamond_mine
Orc:2:    grunt_orc_gardens, layout_caves, grunt_orc_garden, grunt_orc_garden,
          grunt_orc_garden, grunt_orc_garden, serial_shops,
          nicolae_shop_competitors_out_of_business, uniq_snorg
Vaults:1: hangedman_vaults_maws, hangedman_vaults_nodes, ontoclasm_vaults_twist,
          v_rooms_2, vaults_mumra_hex, vaults_dpeg_cross,
          hangedman_vaults_slice, hangedman_vaults_impose,
          hangedman_vaults_cutoff, ontoclasm_vaults_loading_screen,
          ontoclasm_vaults_ligature, layout_vaults_maze,
          portal_desolation_entry_twin_temple
Vaults:2: vaults_room_ringed_pool, blue_anna_dwarven_crypt, vaults_room_fours,
          vaults_room_hallway, vaults_room_pool, v_misc_14,
          vaults_room_door_hall, hangedman_vaults_trim, vaults_room_hallway,
          nicolae_vaults_specimen_jars, ontoclasm_vaults_decontamination,
          layout_vaults_omnicross, serial_shops, shop
Vaults:3: nicolae_vaults_network_barrier, hangedman_vaults_snaps,
          ontoclasm_vaults_eye, v_pattern_1, v_misc_10, hangedman_vaults_nails,
          nicolae_vaults_theta, st_check, hangedman_vaults_stretched_pinwheel,
          layout_vaults_omnigrid, serial_shops, shop, nicolae_shop_statue_plus,
          uniq_sojobo
Vaults:4: v_misc_22, v_misc_10, vaults_room_pools, v_alt_pattern_3,
          ontoclasm_vaults_gateway, nicolae_vaults_big_angled_halls, v_misc_14,
          hangedman_vaults_impose, st_lines, hangedman_vaults_slice,
          grunt_vaults_funnel, layout_vaults_omnibox, serial_shops, shop,
          uniq_jory, uniq_frederick
Abyss:2:  base: D:15, evilmike_abyss_exit_kraken, base:
D:5

Skill      XL: |  1  2  3  4  5  6  7  8  9 10 11 12 13 14 15 16 17 18 19 20 21 22 |
---------------+-------------------------------------------------------------------+-----
Dodging        | 3 4 5 6 7 9 12 14 16 18 | 18.1
Spellcasting   | 4 5 6 7 8 10 11 12 14 15 16 17 18 | 18.2
Fighting       | 4 6 9 11 13 14 | 14.6
Evocations     | 3 7 |  7.0
Staves         | 1 6 8 9 |  9.4
Shields        | 7 12 15 | 15.0
Stealth        | |  1.5

Action                   |  1- 3 |  4- 6 |  7- 9 | 10-12 | 13-15 | 16-18 | 19-21 | 22-24 || total
-------------------------+-------+-------+-------+-------+-------+-------+-------+-------++-------
Melee: Unarmed           |     5 |       |       |       |       |       |       |       ||     5
       Dagger            |    11 |     4 |       |    42 |    38 |       |       |       ||    95
       Short sword       |       |    46 |    66 |       |       |       |       |       ||   112
       Quarterstaff      |       |       |    43 |    45 |   134 |       |       |       ||   222
       Staff             |       |       |       |    65 |   108 |   216 |   241 |    25 ||   655
 Cast: Freeze            |    48 |    21 |     9 |    29 |    30 |       |       |       ||   137
       Frozen Ramparts   |       |    12 |    24 |    46 |    70 |    75 |     1 |       ||   228
       Sting             |       |     4 |     8 |    41 |    30 |     7 |     1 |       ||    91
       Ozocubu's Armour  |       |     2 |     9 |    31 |    46 |    35 |     1 |       ||   124
       Searing Ray       |       |       |    19 |    20 |    19 |    38 |     1 |     1 ||    98
       Airstrike         |       |       |       |    41 |   214 |   199 |   113 |    43 ||   610
       Sticky Flame      |       |       |       |    21 |    34 |     9 |     2 |       ||    66
       Manifold Assault  |       |       |       |       |     6 |       |       |       ||     6
       Hailstorm         |       |       |       |       |    13 |     9 |       |       ||    22
       Blink             |       |       |       |       |     2 |     8 |     6 |       ||    16
       Starburst         |       |       |       |       |    75 |   158 |   383 |    61 ||   677
       Statue Form       |       |       |       |       |       |    17 |    30 |     5 ||    52
       Summon Hydra      |       |       |       |       |       |       |   143 |    19 ||   162
       Storm Form        |       |       |       |       |       |       |     2 |       ||     2
Invok: Call Merchant     |       |       |       |       |       |     2 |     4 |       ||     6
       Potion Petition   |       |       |       |       |       |       |     2 |     1 ||     3
Evoke: Wand              |       |       |       |     3 |       |     2 |     4 |       ||     9
       Lightning rod     |       |       |       |       |       |     1 |       |       ||     1
  Use: Scroll            |     1 |       |       |       |    18 |     9 |    14 |     1 ||    43
       Potion            |       |       |       |     1 |     4 |     5 |    10 |     1 ||    21
 Stab: Sleeping          |     2 |       |     3 |     1 |       |       |     1 |       ||     7
       Distracted        |       |       |       |       |     4 |     1 |     7 |     2 ||    14
Armor: Robe              |    13 |    17 |    34 |   113 |   139 |    45 |    31 |     3 ||   395
       Skin              |       |       |       |       |       |    71 |    80 |     2 ||   153
Dodge: Dodged            |    30 |    51 |   116 |   210 |   306 |   321 |   509 |    55 ||  1598
Block: Kite shield       |       |       |       |       |       |   269 |   514 |    60 ||   843
       Reflection        |       |       |       |       |       |       |    19 |     6 ||    25

Table legend: (Time is in decaauts)
 A = Elapsed time spent in this place.
 B = Non-inter-level travel time spent in this place.
 C = Inter-level travel time spent in this place.
 D = Time resting spent in this place.
 E = Time spent auto-exploring this place.
 F = Levels seen in this place.
 G = Mean time per level.
                   A        B        C        D        E       F      G
               +--------+--------+--------+--------+--------+-----+--------+
         Total |  84037 |  80443 |   3594 |  14536 |  56718 |  39 | 2154.8 |
       Dungeon |  22575 |  21261 |   1314 |   3243 |  15878 |  14 | 1612.5 |
        Temple |    269 |    244 |     25 |      0 |    241 |   1 |  269.0 |
          Lair |  15453 |  14765 |    688 |   2720 |  10364 |   6 | 2575.5 |
        Shoals |  10005 |   9808 |    197 |   1962 |   6845 |   4 | 2501.2 |
     Snake Pit |  13144 |  12360 |    784 |   2548 |   8491 |   4 | 3286.0 |
  Orcish Mines |   5282 |   4927 |    355 |   1257 |   3044 |   2 | 2641.0 |
        Vaults |  13538 |  13309 |    229 |   1765 |  10198 |   4 | 3384.5 |
         Abyss |   3002 |   3002 |      0 |    888 |   1147 |   3 | 1000.7 |
        Bailey |    767 |    767 |      0 |    153 |    509 |   1 |  767.0 |
               +--------+--------+--------+--------+--------+-----+--------+

Top non-repeatable levels by time:
  Lair:6: 4784 daAuts
Shoals:4: 4350 daAuts
 Snake:4: 4253 daAuts
 Snake:1: 4135 daAuts
Vaults:2: 3547 daAuts
Vaults:3: 3501 daAuts
Vaults:4: 3290 daAuts
Vaults:1: 3199 daAuts
   Orc:1: 3057 daAuts
  Lair:2: 2613 daAuts
     D:9: 2600 daAuts
 Snake:3: 2429 daAuts
    D:12: 2366 daAuts
 Snake:2: 2325 daAuts
Shoals:1: 2271 daAuts
